 Dungeon Crawl Stone Soup version 0.15-a0-1387-gd422dff (webtiles) character file.

682 jsk the Cudgeler (level 7, 0/37 HPs)
             Began as a Vine Stalker Berserker on June 10, 2014.
             Was a Priest of Trog.
             Succumbed to a water moccasin's poison
             ... on Level 4 of the Dungeon.
             The game lasted 00:09:25 (2796 turns).

jsk the Cudgeler (Vine Stalker Berserker)           Turns: 2796, Time: 00:09:25

HP   0/37        AC  6     Str 19      XL: 7   Next: 61%
MP   8/9         EV 12     Int  8      God: Trog [***...]
Gold 208         SH  0     Dex 15      Spells:  0 memorised,  6 levels left

rFire  . . .     SeeInvis .     b - +2 flail
rCold  . . .     Clarity  .     w - +2 leather armour
rNeg   . . .     rCorr    +     (no shield)
rPois  .         rRot     +     (no helmet)
rElec  .         Spirit   +     (no cloak)
SustAb .         Warding  .     (no gloves)
rMut   .         Stasis   .     r - +0 pair of boots
Gourm  .                        u - amulet of resist corrosion
MR     .....                    n - +0,+8 ring of slaying
                                t - ring of flight

@: lethally poisoned, exhausted, slowed, invisible, very slow, not resistant to
hostile enchantments, very unstealthy
A: fangs 2, regeneration 2, magic shield, antimagic bite, no device heal 3, rot
immunity
a: Burn Spellbooks, Berserk, Trog's Hand, Renounce Religion, Evoke Flight


You were on level 4 of the Dungeon.
You worshipped Trog.
Trog was most pleased with you.
You were very hungry.

You visited 1 branch of the dungeon, and saw 5 of its levels.

You collected 208 gold pieces.

Inventory:

Hand weapons
 b - a +2,+2 flail (weapon)
Armour
 r - a +0 pair of boots (worn)
 w - a +2 leather armour (worn)
Comestibles
 c - 2 bread rations
 i - 3 meat rations
 j - 2 slices of pizza
 o - 3 fruits
Scrolls
 d - 7 scrolls of identify {unknown}
 h - 2 scrolls of remove curse {unknown}
 k - 4 scrolls of magic mapping {unknown}
 p - a scroll of random uselessness {unknown}
 s - a scroll of recharging {unknown}
 v - a scroll of immolation {unknown}
 y - a scroll of enchant weapon II {unknown}
Jewellery
 a - an uncursed ring of positive energy
 g - an uncursed ring of positive energy
 n - a +0,+8 ring of slaying (right hand)
 t - a ring of flight (left hand)
 u - an amulet of resist corrosion (around neck)
Potions
 e - 2 potions of invisibility
 f - 2 potions of confusion {unknown}
 l - a potion of resistance {unknown}
 m - a potion of poison {unknown}
 q - a potion of lignification {unknown}
 x - a potion of agility {unknown}
 z - a potion of curing {unknown}


   Skills:
 + Level 3.8 Fighting
 * Level 6.8 Maces & Flails
 - Level 1.5 Armour
 + Level 2.9 Dodging


You had 6 spell levels left.
You didn't know any spells.

Dungeon Overview and Level Annotations

Branches:
Dungeon (5/15)
 Temple: D:4-7

Altars:
Sif Muna
Xom

Shops:
D:4 (


Innate Abilities, Weirdness & Mutations

You have extremely sharp teeth.
You heal very quickly.
When hurt, damage is shared between your health and your magic reserves.
Your bite disrupts and absorbs the magic of your enemies.
Potions and wands cannot restore your health.
You are immune to rotting.


Message History

* * * LOW HITPOINT WARNING * * *
You feel sick.
There is a stone staircase leading up here.
You see here a club.
You feel a strong urge to attack something.
You are no longer berserk.
You are exhausted.
You feel yourself slow down.
You are feeling very hungry.
* * * LOW HITPOINT WARNING * * *
You feel sick.
You climb upwards.
* * * LOW HITPOINT WARNING * * *
You feel very sick.
There is a stone staircase leading down here.
Unknown command.
Drink which item? (? for menu, Esc to quit)
You fade into invisibility!
It was a potion of invisibility.
You die...

#....###.##.......####......
####
#........##.#####.#<##......
...#
##........#.#####.#.#.[.....
...# #........#.#.........(.%...
...# #....[...#(#.###...........
...# #........#.#.# #..........(
...# ########.(.#.# #.......#.#.
...# ##..#.# #.#####..... ...#
#)@#.# #.# ##.#.# .####
#######.#.###+### #.... ....#
#.....#.#.......# #####
....######..^###.#.......#
....#...##...............#####
....#...##......##........|..###
....'...##......##........##...#
....#...###.....##.............#
....#...# #.....##..####.####..#


There were no monsters in sight!

Vanquished Creatures
  The ghost of haldagan the Nimble, an average SpAK of Lugonu (D:4)
  A water moccasin (D:5)
  A phantom (D:4)
  Sigmund (D:5)
  An iguana (D:4)
  6 adders
  3 gnolls (D:3)
  A giant mite (D:3)
  3 worms
  4 giant geckos
  2 oozes (D:4)
  9 orcs
  6 bats
  5 giant cockroaches
  4 goblins
  3 hobgoblins
  7 jackals
  3 quokkas (D:3)
  A giant newt (D:1)
  6 kobolds
  8 rats
76 creatures vanquished.

Notes
Turn   | Place    | Note
--------------------------------------------------------------
     0 | D:1      | jsk, the Vine Stalker Berserker, began the quest for the Orb.
     0 | D:1      | Reached XP level 1. HP: 11/11 MP: 1/1
    99 | D:1      | Reached skill level 3 in Maces & Flails
   344 | D:1      | Reached XP level 2. HP: 16/16 MP: 3/3
   862 | D:1      | Reached XP level 3. HP: 17/19 MP: 4/4
   995 | D:2      | Acquired Trog's second power
   995 | D:2      | Reached skill level 4 in Maces & Flails
  1553 | D:3      | Reached XP level 4. HP: 23/23 MP: 5/5
  1820 | D:3      | Reached skill level 5 in Maces & Flails
  1820 | D:3      | Reached XP level 5. HP: 27/27 MP: 7/7
  1940 | D:3      | Found a deep blue altar of Sif Muna.
  2091 | D:4      | Noticed haldagan's ghost (average SpAK)
  2121 | D:4      | Killed haldagan's ghost
  2121 | D:4      | Reached skill level 6 in Maces & Flails
  2121 | D:4      | Gained mutation: You heal very quickly. [vine stalker growth]
  2121 | D:4      | Reached XP level 6. HP: 25/32 MP: 4/8
  2300 | D:4      | Found a shimmering altar of Xom.
  2439 | D:4      | Noticed a phantom
  2448 | D:4      | Killed a phantom
  2448 | D:4      | Reached XP level 7. HP: 36/36 MP: 9/9
  2658 | D:4      | Found Klirphea's Antique Weapon Emporium.
  2770 | D:5      | Entered Level 5 of the Dungeon
  2773 | D:5      | Noticed Sigmund
  2791 | D:5      | Killed Sigmund
  2796 | D:4      | Succumbed to a water moccasin's poison

Action                   |  1- 3 |  4- 6 |  7- 9 || total
-------------------------+-------+-------+-------++-------
Melee: Mace              |    47 |    78 |       ||   125
       Flail             |       |    13 |    24 ||    37
Invok: Berserk           |     1 |     1 |     1 ||     3
  Use: Potion            |       |       |     1 ||     1
